 BcadrenCrawl: Boulder Brew version 0.04.2-15-ge27eb88979 (webtiles) character file.

Game seed: 1378453840364129798, levelgen mode: deterministic

2276 diana the Quickloader (level 9, 0/51 HPs) Kobold Hunter. Began on May 15, 2021. Was an Initiate of Hepliaklqana. Slain by a porcupine (9 damage) ... on level 4 of the Dungeon. The game lasted 00:07:43 (4182 turns).

diana the Quickloader (Kobold Hunter)               Turns: 4182, Time: 00:07:43

Health: 0/51       AC:  4    Str:  9    XL:     9 ^: 657
Magic:  9/9        EV: 15    Int: 13    God:    Hepliaklqana [0* [17]]
Gold:   226        SH:  0    Dex: 18    Spells: 8/8 levels left

rFire    . . .     Vision   .   a - +1 hand crossbow
rCold    . . .     Gourm    .   x - +3 dagger
rNeg     . . .     Faith    .   c - +0 leather armour
rPois    .         Spirit   .   (no helmet)
rElec    .         Reflect  .   h - +0 cloak
rCorr    .         Harm     .   (no gloves)
MR       +....                  (no boots)
Stlth    ++........             (no amulet)
HPRegen  0.27/turn              k - ring of protection from magic
MPRegen  0.19/turn              (no ring)

@: studying Bows
A: small, reduced essence, carnivore
a: Recall Ancestor, Ancestor Identity, Renounce Religion


You were on level 4 of the Dungeon.
You worshipped Hepliaklqana.
Hepliaklqana was noncommittal.
You were not hungry.

You visited 2 branches of the dungeon, and saw 6 of its levels.

You collected 226 gold pieces.

Inventory:

Weapons
 a - a +1 hand crossbow (weapon)
 x - a +3 dagger (weapon)
Armour
 c - a +0 leather armour (worn)
 h - a +0 cloak (worn)
Jewellery
 k - a ring of protection from magic (left hand)
 u - an uncursed ring of magical power
Wands
 s - a wand of scattershot (5)
 v - a wand of random effects (2)
Scrolls
 f - a scroll of bless item
 g - a scroll of amnesia
 p - a scroll of acquirement
 q - a scroll of teleportation
 w - 2 scrolls of enchantment
 y - a scroll of holy word
Potions
 b - a potion of invisibility
 e - 3 potions of curing
 j - a potion of resistance
 l - a potion of agility
 m - a potion of haste
 n - a potion of brilliance
 o - 2 potions of heal wounds
 t - a potion of cure mutation
Miscellaneous
 r - a box of beasts
Comestibles
 d - 6 rations


   Skills:
 + Level 7.0 Fighting
 + Level 7.2 Short Blades
 * Level 11.2 Crossbows
 - Level 2.4 Dodging
 - Level 1.3 Stealth


You had 8 spell levels left.
You didn't know any spells.
Your spell library was empty.

Dungeon Overview and Level Annotations

Branches:
Dungeon (5/8)              Temple (1/1) D:4
   Lair: D:5

Altars:
Ashenzari
Cheibriados
Gozag Ym Sagoz
Hepliaklqana
Kikubaaqudgha
Nemelex Xobeh
Qazlal
Sif Muna
Trog
Vehumet
Wu Jian
Yredelemnul
Zin
Lugonu


Innate Abilities, Weirdness & Mutations

You are small and have problems with some larger weapons.
You are carnivorous and can eat meat at any time.
Your life essence is reduced to manifest your ancestor. (-10% HP)


Message History

Aiming:
a - a +1 hand crossbow, Range: 1 (25%)
Press: ? - help, Shift-Dir - straight line, f - porcupine
Aim: a porcupine (healthy (16/16), fleeing)
Okay, then.
Aiming:
a - a +1 hand crossbow, Range: 3 (75%)
Press: ? - help, Shift-Dir - straight line, f - porcupine
Aim: a porcupine (healthy (16/16), fleeing)
You shoot a bolt.
The bolt pierces through the porcupine (6).
Your attack snaps the porcupine out of its fear.
The porcupine is moderately wounded. (10/16) HP The bolt pierces through the porcupine (12)!
You kill the porcupine!
Your Fighting skill increases to level 7!
You are struck by the porcupine's spines (3).
* * * LOW HITPOINT WARNING * * *
You hit the porcupine but do no damage.
The porcupine is moderately wounded. (10/16) HP The porcupine bites you (9)!
You die...

......#.#.[......###...r..#.
#######.#........# #.#####+
#......######'### #†#
#.###########.# #.# #.#
#.....# #.# #.#######.#####
#.# #.[...........# #.#
####............#####.##
................@r....##
######.)........#########
................# ###.....
######)########## #.####
#÷####### .# #.......### .#
#######.).# .# ##
###.######## .#
#########†.......#


You could see a porcupine.

Vanquished Creatures
  Grinder (D:3)
  2 yaks (D:5)
  An orc warrior (D:4)
  A water moccasin (D:4)
  2 porcupines
  A scorpion (D:3)
  An ice beast (D:5)
  3 ogres
  A big kobold (D:2)
  A bullfrog (D:4)
  5 jellies (D:2)
  An orc priest (D:4)
  4 hounds
  4 orc wizards
  Crazy Yiuf (D:3)
  A worker ant (D:4)
  A wyvern skeleton (D:4)
  2 giant cockroaches
  A bullfrog skeleton (D:3)
  A porcupine skeleton (D:3)
  3 shadow imps (D:3)
  3 adders
  3 gnolls (D:4)
  12 sewer rats (D:2)
  A white imp (D:3)
  7 cinder newts
  A hound zombie (D:5)
  3 oozes (D:2)
  A howler monkey skeleton (D:3)
  A dart slug (D:3)
  2 leopard geckos
  13 orcs
  3 adder skeletons
  3 goblins (D:1)
  A hobgoblin (D:1)
  2 ball pythons
  A ball python skeleton (D:2)
  4 bats
  2 bat zombies (D:3)
  A goblin skeleton (D:2)
  A hobgoblin skeleton (D:2)
  3 kobolds
  A rat (D:1)
  A rat skeleton (D:2)
  A slimehead (D:2)
  7 withered plants (D:2)
116 creatures vanquished.

Vanquished Creatures (others)
  A bat (D:2)
  2 bushes (D:5)
  A fungus (D:5)
  4 plants (D:5)
  A slimehead (D:2)
  62 withered plants (D:2)
71 creatures vanquished.

Grand Total: 187 creatures vanquished

Notes
Turn   | Place    | Note
-------+----------+-------------------------------------------
     0 | D:1      | diana the Kobold Hunter began the quest for the Orb.
     0 | D:1      | Reached XP level 1. HP: 12/12 MP: 1/1
   155 | D:1      | Reached skill level 5 in Crossbows
   164 | D:1      | Reached XP level 2. HP: 18/18 MP: 2/2
   225 | D:1      | Reached skill level 1 in Short Blades
   599 | D:2      | Reached XP level 3. HP: 22/22 MP: 3/3
   730 | D:2      | Reached XP level 4. HP: 27/27 MP: 4/4
   763 | D:2      | Reached skill level 6 in Crossbows
   771 | D:2      | Reached XP level 5. HP: 32/32 MP: 5/5
   983 | D:2      | Reached XP level 6. HP: 38/38 MP: 6/6
  1053 | D:2      | Reached skill level 7 in Crossbows
  1062 | D:2      | Found a sparkling altar of Nemelex Xobeh.
  1064 | D:2      | Found a stormy altar of Qazlal.
  1090 | D:2      | Reached XP level 7. HP: 43/43 MP: 7/7
  1275 | D:2      | Identified the +7 staff of Eppymex {flay, fire; rF+ Dex+2}
  1498 | D:2      | Found a basalt altar of Yredelemnul.
  1574 | D:2      | Found a bloodstained altar of Trog.
  1802 | D:2      | Found a glowing silver altar of Zin.
  1803 | D:2      | Found an opulent altar of Gozag.
  2091 | D:3      | Identified a scroll of acquirement
  2251 | D:3      | Reached skill level 8 in Crossbows
  2562 | D:3      | Reached XP level 8. HP: 13/48 MP: 8/8
  2835 | D:3      | Reached skill level 5 in Fighting
  2993 | D:3      | Noticed Grinder
  2998 | D:3      | Killed Grinder
  2998 | D:3      | Reached skill level 5 in Short Blades
  2998 | D:3      | Reached skill level 9 in Crossbows
  3023 | D:3      | Found a runed translucent door.
  3024 | D:3      | Noticed Crazy Yiuf
  3061 | D:3      | Found an ancient bone altar of Kikubaaqudgha.
  3381 | D:3      | Killed Crazy Yiuf
  3514 | D:4      | Reached skill level 10 in Crossbows
  3514 | D:4      | Reached XP level 9. HP: 55/55 MP: 9/9
  3758 | D:4      | Found a staircase to the Ecumenical Temple.
  3767 | Temple   | Entered the Ecumenical Temple
  3815 | Temple   | Became a worshipper of Hepliaklqana the Forgotten
  4096 | D:5      | Entered Level 5 of the Dungeon
  4134 | D:5      | Reached skill level 11 in Crossbows
  4182 | D:4      | Slain by a porcupine

Levels and vault maps discovered:
D:1:      mrwooster_arrival_arrow, layout_basic, first_ration
D:2:      layout_sewer, grunt_temple_overflow_gold_and_silver,
          lemuel_round_altar, nicolae_overflow_hidden_temple, serial_forest,
          infiniplex_forest_lined_2, infiniplex_forest_zigzag_1,
          infiniplex_forest_end_3, infiniplex_forest_straight_3,
          infiniplex_forest_corner_2
D:3:      layout_basic, lemuel_zombie_altar_kikubaaqudgha,
          uniq_crazy_yiuf_cottage, uniq_grinder
D:4:      layout_roguey, kennysheep_mini_moat, marbit_many_paths,
          minmay_temple_entry_grid, serial_co_window_serial, co_window_corner_a,
          co_window_paths_b, co_window_paths_a, co_window_paths_a,
          co_window_paths_a, co_window_2corner, co_window_2corner,
          co_window_corner_b, co_window_broadway_b, co_window_broadway_c,
          co_window_4corner_a, glass_columns_a, glass_columns_a
D:5:      layout_long_grid, lemuel_doored_altar, minmay_lair_entry_grove,
          enter_trove_2, uniq_joseph
Temple:   corrupted_temple

Skill      XL: |  1  2  3  4  5  6  7  8  9 |
---------------+----------------------------+-----
Crossbows      | 5 6 7 8 10 11 | 11.2
Short Blades   | 1 2 3 4 6 7 |  7.2
Fighting       | 3 4 6 7 |  7.0
Dodging        | |  2.4
Stealth        | |  1.3

Action                   |  1- 3 |  4- 6 |  7- 9 || total
-------------------------+-------+-------+-------++-------
Melee: Unarmed           |    16 |       |       ||    16
       Short sword       |     3 |    20 |    96 ||   119
       Dagger            |       |       |     3 ||     3
 Fire: Hand crossbow     |    17 |    61 |   110 ||   188
  Use: Scroll            |       |       |     2 ||     2
       Potion            |       |       |     1 ||     1
 Stab: Sleeping          |     1 |       |       ||     1
  Eat: Chunk             |       |       |     8 ||     8
       Ration            |       |       |     2 ||     2
Armor: Leather armour    |     1 |     3 |    12 ||    16
Dodge: Dodged            |    16 |    16 |    89 ||   121
